 Dungeon Crawl Stone Soup version 0.29-a0-653-gd47aff6735 (webtiles) character file.

Game seed: 4962958138635535139

62 Vylera the Magician (level 4, -4/49 HPs)
             Began as a Djinni Wanderer on June 22, 2022.
             Was a Follower of Yredelemnul.
             Killed from afar by a white imp (7 damage)
             ... with a puff of frost
             ... on level 3 of the Dungeon.
             The game lasted 00:04:28 (2909 turns).

Vylera the Magician (Djinni Wanderer)               Turns: 2909, Time: 00:04:29

Health: -4/49      AC:  2    Str:  9    XL:     4   Next: 28%
Gold:   65         EV: 11    Int: 14    God:    Yredelemnul [*.....] SH:  0 Dex: 16

rFire   + + +      SeeInvis +   r - +3 dagger
rCold   . . .      Faith    .   (no shield)
rNeg    + . .      Spirit   .   f - +0 robe
rPois   ∞          Reflect  .   (no helmet)
rElec   .          Harm     .   o - scarf {rC+ rF+}
rCorr   .          Rampage  .   (no gloves)
Will    .....                   (boots unavailable)
Stlth   ..........              (no amulet)
HPRegen 0.16/turn               j - ring of see invisible
MPRegen 0.00/turn               k - ring of positive energy

@: berserking, flying, very quick
A: sickness immunity, fire resistance 2, cold vulnerability 1, float, innate
caster, HP casting, extra vitality 1
a: Renounce Religion, Recall Undead Harvest


You were on level 3 of the Dungeon.
You worshipped Yredelemnul.
Yredelemnul was noncommittal.
You visited 1 branch of the dungeon, and saw 3 of its levels.

You collected 65 gold pieces.

Inventory:

Hand Weapons
 a - a +0 rapier
 b - a +0 falchion
 d - a +0 dagger
 r - a +3 dagger (weapon)
Missiles
 c - 13 poisoned darts (quivered)
Armour
 f - a +0 robe (worn)
 o - a scarf of resistance (worn)
Jewellery
 j - a ring of see invisible (left hand)
 k - a ring of positive energy (right hand)
Scrolls
 g - a scroll of fear {unknown}
 i - a scroll of identify {unknown}
 m - a scroll of vulnerability {unknown}
 q - a scroll of blinking {unknown}
Potions
 h - a potion of heal wounds {unknown}
 l - a potion of brilliance {unknown}
 n - a potion of ambrosia {unknown}
 p - a potion of mutation {unknown}


   Skills:
 - Level 2.0 Fighting
 - Level 1.7(2.1) Short Blades
 - Level 1.7(2.1) Long Blades
 - Level 2.4 Throwing
 + Level 2.9 Spellcasting
 + Level 0.0 Invocations


You had 7 spell levels left.
You knew the following spells:

 Your Spells              Type           Power      Damage    Failure   Level
a - Magic Dart            Conj           40%        1d5       6%          1
Your spell library was empty.

Dungeon Overview and Level Annotations

Branches:
Dungeon (3/15)

Altars:
Yredelemnul


Innate Abilities, Weirdness & Mutations

You are immune to sickness and miasma.
You are immune to poison.
Your flesh is very heat resistant. (rF++)
You are vulnerable to cold. (rC-)
You float through the air rather than walking.
You learn spells naturally, not from books.
Your magical power is your life essence.
You have superior vitality. (+4 MHP)


Message History

The adder bites you but does no damage.
You hit the adder.
The adder is heavily wounded.
Your adder zombie misses the adder.
The adder barely misses you.
You hit the adder.
You kill the adder!
The dead are slithering!
You swap places.
A white imp comes into view.
The white imp shouts, "Bolt, thou dankish dismal-dreaming bugbear!"
Found a scroll labelled USCHOID ALEARETU.
The white imp gestures at you. The puff of frost hits you!
The white imp shouts, "Give up, thou lumpish beef-witted barnacle!"
You hit the white imp.
The white imp is lightly wounded.
The white imp hits you. The white imp freezes you.
You are too injured to fight recklessly!
You are too injured to fight recklessly!
You barely miss the white imp.
The white imp is lightly wounded.
The white imp gestures at you. The puff of frost hits you.
* * * LOW HITPOINT WARNING * * *
Your adder zombie barely misses the white imp.
You swap places.
The white imp hits you.
* * * LOW HITPOINT WARNING * * *
The white imp freezes you.
* * * LOW HITPOINT WARNING * * *
Your adder zombie barely misses the white imp.
Unknown command.
A red film seems to cover your vision as you go berserk!
You feel yourself moving faster!
You feel mighty! The white imp closely misses you.
Your adder zombie misses the white imp.
You closely miss the white imp.
The white imp is lightly wounded.
The white imp gestures at you. The puff of frost hits you!
You die...
Your body rises from the dead as a mindless zombie.

..# #.# ... #.####
#.#.. #.#.# .. #5#?#
..... #Z@.# .....
###Z######.....
#..Z..........#
#.............#
#.............. #
#.###........#
....#####.######.
.................
##.###########.Z....#.#


You could see a white imp (ally target), 2 friendly adder zombies and a friendly
kobold zombie.

Vanquished Creatures
  2 adders (D:3)
  A worm (D:2)
  A dart slug (D:2)
  An endoplasm (D:1)
  3 hobgoblins (D:1)
  4 jackals (D:2)
  4 quokkas
  3 ball pythons
  2 bats (D:1)
  5 frilled lizards
  4 goblins
  3 kobolds
  4 rats
37 creatures vanquished.

Vanquished Creatures (collateral kills)
  A goblin (D:1)
  2 frilled lizards (D:1)
3 creatures vanquished.

Vanquished Creatures (others)
  3 jackal zombies (D:2)
3 creatures vanquished.

Grand Total: 43 creatures vanquished

Notes
Turn   | Place    | Note
-------+----------+-------------------------------------------
     0 | D:1      | Vylera the Djinni Wanderer began the quest for the Orb.
     0 | D:1      | Vylera set off with the following items: a +0 rapier, a +0
                  | falchion, 13 poisoned darts, a +0 dagger, a potion of
                  | berserk rage, a +0 robe.
     0 | D:1      | Reached XP level 1. HP: 18/18 MP: 0/0
   229 | D:1      | Found a faded altar of an unknown god.
   234 | D:1      | Prayed at the altar of an unknown god.
   234 | D:1      | Became a worshipper of Yredelemnul the Dark
   234 | D:1      | Reached * piety under Yredelemnul
   253 | D:1      | Reached XP level 2. HP: 23/23 MP: 0/0
   512 | D:1      | Reached ** piety under Yredelemnul
  1270 | D:2      | Reached XP level 3. HP: 27/28 MP: 0/0
  1270 | D:2      | Learned a level 1 spell: Magic Dart
  2785 | D:3      | Reached XP level 4. HP: 26/33 MP: 0/0
  2909 | D:3      | Killed from afar by a white imp

Illustrated notes

Levels and vault maps discovered:
D:1:      doesnt_arrival_eight_statues, layout_loops_corners,
          hellmonk_ecumenical_altar_prayer_group
D:2:      layout_basic
D:3:      layout_basic, kennysheep_boxes

Skill      XL: |  1  2 |
---------------+-------+-----
Spellcasting   | 2 |  2.9
Fighting       | |  2.0
Short Blades   | |  1.7
Long Blades    | |  1.7
Throwing       | |  2.4

Action                   |  1- 3 |  4- 6 || total
-------------------------+-------+-------++-------
Melee: Rapier            |    55 |       ||    55
       Dagger            |    10 |     8 ||    18
 Cast: Magic Dart        |    44 |       ||    44
  Use: Potion            |       |     1 ||     1
 Stab: Sleeping          |     1 |       ||     1
Armor: Robe              |    12 |     1 ||    13
Dodge: Dodged            |    41 |     2 ||    43

Table legend: (Time is in decaauts)
 A = Elapsed time spent in this place.
 B = Non-inter-level travel time spent in this place.
 C = Inter-level travel time spent in this place.
 D = Time resting spent in this place.
 E = Time spent auto-exploring this place.
 F = Levels seen in this place.
 G = Mean time per level.
                   A        B        C        D        E       F      G
               +--------+--------+--------+--------+--------+-----+--------+
         Total |   2910 |   2854 |     56 |      0 |   2570 |   3 |  970.0 |
       Dungeon |   2910 |   2854 |     56 |      0 |   2570 |   3 |  970.0 |
               +--------+--------+--------+--------+--------+-----+--------+

Top non-repeatable levels by time:
     D:2: 1561 daAuts
     D:1: 1218 daAuts
     D:3: 131 daAuts
